 Dungeon Crawl Stone Soup version 0.26.0-45-g9c1d065592 (webtiles) character file.

Game seed: 15612185977933050790

17 kaeus the Sneak (level 2, 0/18 HPs)
             Began as an Octopode Enchanter on Jan 29, 2021.
             Slain by a hobgoblin (2 damage)
             ... on level 1 of the Dungeon.
             The game lasted 00:00:50 (1033 turns).

kaeus the Sneak (Octopode Enchanter)                Turns: 1033, Time: 00:00:51

Health: 0/18       AC:  1    Str:  7    XL:     2   Next: 62%
Magic:  5/5        EV: 13    Int: 17    God:
Gold:   43         SH:  0    Dex: 12    Spells: 4/5 levels left

rFire    . . .     SeeInvis .   a - +1 dagger
rCold    . . .     Faith    .   (no shield)
rNeg     . . .     Spirit   .   (helmet restricted)
rPois    .         Reflect  .   (no amulet)
rElec    .         Harm     .   (no ring)
rCorr    .         Rampage  .   (no ring)
Will     .....                  (no ring)
Stlth    ++++......             (no ring)
HPRegen  0.06/turn              (no ring)
MPRegen  0.09/turn              (no ring)
                                (no ring)
                                (no ring)

@: no status effects
A: almost no armour, stealthy swim, amphibious, 8 rings, constrict 8, camouflage
1, gelatinous body 1
a: no special abilities


You were on level 1 of the Dungeon.
You visited 1 branch of the dungeon, and saw 1 of its levels.

You collected 43 gold pieces.

Inventory:

Hand Weapons
 a - a +1 dagger (weapon)
Missiles
 c - 8 poisoned darts
Scrolls
 b - a scroll of enchant weapon {unknown}
 d - a scroll of blinking {unknown}
 e - a scroll of fear {unknown}
 f - a scroll of identify {unknown}
 g - a scroll of immolation {unknown}
 h - a scroll of remove curse {unknown}


   Skills:
 * Level 0.6 Fighting
 + Level 1.2 Short Blades
 + Level 2.1 Dodging
 * Level 4.4 Stealth
 + Level 2.1 Spellcasting
 + Level 3.1 Hexes


You had 4 spell levels left.
You knew the following spells:

 Your Spells              Type           Power        Failure   Level
a - Corona                Hex            13%          5%          1

Your spell library contained the following spells:

 Spells                   Type           Power        Failure   Level
 Ensorcelled Hibernation  Hex/Ice        14%          16%         2
 Confusing Touch          Hex            12%          16%         3
 Tukima's Dance           Hex            12%          16%         3
 Dazzling Flash           Conj/Hex       14%          30%         3


Dungeon Overview and Level Annotations

Branches:
Dungeon (1/15)

Altars:


Innate Abilities, Weirdness & Mutations

You cannot wear most types of armour.
You are very stealthy in the water. (Stealth+)
You are amphibious.
You can wear up to eight rings at the same time.
You can use your tentacles to constrict eight enemies at once.
Your skin changes colour to match your surroundings (Stealth+).
Your rubbery body absorbs attacks. (AC +1, EV +1)


Message History

You hit the bat but do no damage. You grab the bat.
The bat is heavily wounded.
You constrict the bat. The bat hits you but does no damage. The bat misses you.
You hit the bat.
You kill the bat!
You hit the hobgoblin. You grab the hobgoblin.
The hobgoblin is heavily wounded.
You constrict the hobgoblin, but do no damage.
The hobgoblin completely misses you.
You hit the hobgoblin but do no damage.
The hobgoblin is heavily wounded.
You constrict the hobgoblin, but do no damage.
The hobgoblin hits you.
* * * LOW HITPOINT WARNING * * *
You take 5 damage, and have 2/18 hp.
MASSIVE DAMAGE!!
You hit the hobgoblin but do no damage.
The hobgoblin is heavily wounded.
You constrict the hobgoblin, but do no damage.
The hobgoblin hits you.
You die...

#.#...#..####
###†....#.....#
#........#.##.#
#.#...........#
#.##..........#
#.............#
####.......Kg##
#.#.....#g#
#.>.....#@#
#####.#.#.#
#.........#
#.####..####### #.#
#.>......# #.#
##.#####.#
#.#####.#####.#
########.##..........#
..........#.##.#######


You could see a hobgoblin, a goblin and a kobold.

Vanquished Creatures
  2 leopard geckos (D:1)
  A giant cockroach (D:1)
  A goblin (D:1)
  3 hobgoblins (D:1)
  3 bats (D:1)
  A frilled lizard (D:1)
  A kobold (D:1)
  2 rats (D:1)
14 creatures vanquished.

Notes
Turn   | Place    | Note
-------+----------+-------------------------------------------
     0 | D:1      | kaeus the Octopode Enchanter began the quest for the Orb.
     0 | D:1      | Reached XP level 1. HP: 11/11 MP: 3/3
   670 | D:1      | Reached XP level 2. HP: 17/17 MP: 5/5
  1033 | D:1      | Slain by a hobgoblin

Illustrated notes

Levels and vault maps discovered:
D:1:      saegor_arrival_simple_c, layout_basic, minmay_octomino_c4

Action                   || total
-------------------------++-------
Melee: Dagger            ||    36
       Constrict         ||    12
       Tentacles         ||     6
 Stab: Sleeping          ||     4
Armor: Skin              ||     4
Dodge: Dodged            ||    24
